Map: Nova Repugnância LE

Players

MentsaN - Winner!

  • Race: Protoss Protoss
  • League: Gold
  • Spawn Location: 7:00

JuanMarcelo

  • Race: Terran Terran
  • League: Silver
  • Spawn Location: 1:00

VOD

Have the link to the VOD?

Description

Time

  • Played on: Feb. 12, 2019, 11:21 a.m.
  • Length: 14:59
Show
View Real Time Build Order
Export as new Build Order

MentsaN Protoss - Winner!

Build Orders: Cannon Rush 

Get SALT Encoding   

  12  0:01  Probe  
  13  0:13  Probe  
  14  0:20  Pylon  
  14  0:32  Probe  
  15  0:39  Forge  
  15  0:51  Probe  
  15  0:56  Pylon  
  16  0:59  Probe  
  17  1:08  Probe  
  17  1:13  Pylon  
  18  1:20  Probe  
  19  1:34  Photon Cannon  
  19  1:35  Photon Cannon  
  19  1:42  Photon Cannon  
  19  1:49  Pylon  
  19  1:53  Probe  
  20  2:04  Photon Cannon  
  20  2:05  Probe  
  21  2:17  Gateway  
  21  2:24  Photon Cannon  
  21  2:25  Probe  
  22  2:31  Assimilator  
  22  2:36  Assimilator  
  22  2:45  Pylon  
  22  2:50  Photon Cannon  
  22  3:05  Cybernetics Core  
  22  3:06  Zealot  
  22  3:08  Probe  
  23  3:16  Probe  
  26  3:27  Probe  
  26  3:31  Zealot  
  29  3:39  Probe  
  30  3:44  Stargate  
  30  3:54  Zealot  
  30  3:56  Shield Battery  
  30  3:58  Shield Battery  
  30  3:59  Shield Battery  
  32  4:17  Void Ray  
  32  4:18  Zealot  
  38  4:45  Zealot  
  34  4:53  Void Ray  
  38  5:12  Zealot  
  40  5:15  Shield Battery  
  40  5:32  Void Ray  
  40  5:39  Zealot  
  42  6:08  Shield Battery  
  42  6:09  Shield Battery  
  42  6:11  Shield Battery  
  42  6:13  Shield Battery  
  42  6:14  Zealot  
  42  6:15  Void Ray  
  48  6:40  Stargate  
  48  6:41  Zealot  
  48  6:46  Fleet Beacon  
  35  7:08  Void Ray, Zealot  
  41  7:19  Pylon  
  41  7:21  Shield Battery  
  41  7:26  Tempest  
  46  7:43  Shield Battery  
  46  7:46  Shield Battery  
  46  8:12  Tempest  
  47  8:52  Shield Battery  
  47  8:53  Shield Battery  
  47  8:54  Tempest  
  52  8:59  Phoenix  
  54  9:22  Pylon  
  54  9:23  Pylon  
  50  9:52  Tempest  
  55  10:10  Tempest  
  37  11:08  Void Ray  
  41  11:12  Tempest  
  46  11:29  Shield Battery  
  46  11:30  Shield Battery  
  46  11:52  Tempest  
  46  12:23  Tempest  
  46  12:40  Tempest  
Show
View Real Time Build Order
Export as new Build Order

JuanMarcelo Terran 

Build Orders:  

Get SALT Encoding   

  12  0:01  SCV  
  13  0:13  SCV  
  14  0:20  Supply Depot  
  14  0:25  SCV  
  15  0:29  Refinery  
  15  0:44  Barracks  
  15  0:45  SCV  
  16  0:58  SCV  
  17  1:10  Refinery, SCV  
  18  1:30  SCV  
  19  1:41  Factory  
  19  1:42  SCV  
  20  1:52  Reaper  
  21  2:12  Engineering Bay  
  21  2:15  Bunker  
  21  2:28  Factory Tech Lab  
  21  2:32  Barracks Reactor  
  21  2:45  Planetary Fortress  
  21  3:08  Marine x2  
  23  3:28  Supply Depot  
  23  3:37  Command Center  
  23  3:49  Marine x2  
  23  3:50  Siege Tank  
  23  3:52  SCV  
  29  3:57  Supply Depot  
  29  4:04  SCV  
  29  4:06  Starport  
  30  4:16  SCV  
  31  4:43  Siege Tank  
  34  4:47  Starport Reactor  
  34  4:53  Marine x2  
  34  4:59  Orbital Command  
  36  5:03  SCV  
  37  5:13  Marine x2  
  36  5:27  SCV  
  37  5:31  Marine x2  
  37  5:33  Viking x2  
  43  5:39  SCV  
  44  5:49  Marine x2  
  42  5:51  SCV  
  42  6:07  Marine x2  
  42  6:08  Siege Tank  
  42  6:10  Viking x2  
  51  6:18  Factory  
  51  6:19  SCV  
  52  6:31  SCV  
  50  6:43  SCV  
  45  7:09  Marine x2  
  45  7:11  Siege Tank  
  45  7:12  Viking x2  
  45  7:14  Factory Tech Lab  
  54  7:30  SCV, Marine x2  
  54  7:34  Widow Mine  
  59  7:42  SCV, Missile Turret  
  60  7:51  Supply Depot  
  60  7:54  SCV  
  61  8:13  Widow Mine  
  61  8:15  Supply Depot  
  54  8:50  Siege Tank, Viking  
  54  8:51  Viking  
  54  8:52  Widow Mine  
  63  8:59  Marine x2  
  62  9:14  Widow Mine  
  64  9:17  Marine x2  
  64  9:20  Viking x2  
  70  9:35  Marine x2  
  66  10:11  Viking x2  
  66  10:13  Widow Mine x2  
  74  10:14  Marine x2  
  74  10:32  Marine x2  
  66  10:50  Marine  
Tags
 
Add a new tag
Caveats
  • Supply blocks, unpowered buildings, or Contaminate may cause inaccurate times.
  • Supply counts are checked every 10 seconds.